 Dungeon Crawl Stone Soup version 0.31-a0-844-gdc52ec4e09 (webtiles) character file.

Game seed: 5290467121103879327

194824 Ge0ff the Gelid (level 18, -6/122 HPs)
             Began as an Octopode Cinder Acolyte on Sept 28, 2023.
             Was an Elder of Ignis.
             Mangled by a spark wasp (16 damage)
             ... on level 3 of the Lair of Beasts on Sept 29, 2023.
             The game lasted 01:20:35 (57663 turns).

Ge0ff the Gelid (Octopode Cinder Acolyte)          Turns: 57663, Time: 01:20:35

Health: -6/122     AC:  2    Str: 11 (13) XL:     18   Next: 31%
Magic:  1/45       EV: 12    Int: 54      God:    Ignis [****..]
Gold:   1974       SH:  4    Dex:  4 (8)  Spells: 18/46 levels left

rFire   + . .        a - staff of cold
rCold   + + .        p - +0 buckler
rNeg    . . .        x - +1 hat
rPois   .            t - amulet of regeneration
rElec   .            O - +6 ring of intelligence
rCorr   .            Y - +6 ring of intelligence
SInv    .            S - ring of protection from fire
Will    +....        A - +6 ring of intelligence
Stlth   ++++         Q - +6 ring of intelligence
HPRegen 1.20/turn    w - ring of ice
MPRegen 0.29/turn    Z - +6 ring of intelligence
                     f - ring of magical power

%: no passive effects
@: no status effects
A: almost no armour, amphibious, 8 rings, camouflage 1, gelatinous body 1,
(nimble swimmer 1), tentacles
}: 1/15 runes: barnacled
a: Renounce Religion, Fiery Armour, Foxfire Swarm, Rising Flame


You were on level 3 of the Lair of Beasts.
You worshipped Ignis.
Ignis was greatly pleased with you.
You visited 5 branches of the dungeon, and saw 27 of its levels.
You also visited: Ossuary, Bailey and Gauntlet.

You collected 3099 gold pieces.
You spent 1125 gold pieces at shops.

Inventory:

Hand Weapons
 b - the +0 war axe of Untruth {heavy, rC+ rN+ Int+3}
   (You found it on level 9 of the Dungeon)

   Int+3:     It affects your intelligence (+3).
   rC+:       It protects you from cold.
   rN+:       It protects you from negative energy.
Missiles
 g - 3 throwing nets {=F}
 h - 2 datura-tipped darts {=F}
 s - 27 javelins
 v - 12 curare-tipped darts {=F}
 D - 13 silver javelins
Armour
 p - a +0 buckler (worn)
 x - a +1 hat (worn)
Magical Staves
 a - a staff of cold (weapon)
 M - the staff "Xataipsi" {rF+ rN+ Conj}
   (You found it on level 5 of the Lair of Beasts)

   [staff of conjuration]

   Base accuracy: +5 Base damage: 5 Base attack delay: 1.2 This weapon's minimum
   attack delay (0.6) is reached at skill level 12.
   rF+:       It protects you from fire.
   rN+:       It protects you from negative energy.
   Conj:      It increases the power of your Conjurations spells.
   It falls into the 'Staves' category.
   It is a one-tentacled weapon.
Jewellery
 c - the amulet of Nuric {Spirit rElec Str+5 Stlth-}
   (You found it on level 4 of the Shoals)

   [amulet of guardian spirit]

   Spirit:    It causes incoming damage to be divided between your reserves of
   health and magic.
   Str+5:     It affects your strength (+5).
   rElec:     It insulates you from electricity.
   Stlth-:    It makes you less stealthy.
 f - a ring of magical power (on tentacle)
 r - a ring of positive energy
 t - an amulet of regeneration (around mantle)
 w - a ring of ice (on tentacle)
 A - a +6 ring of intelligence (on tentacle)
 G - a +5 ring of evasion
 L - a ring of flight
 O - a +6 ring of intelligence (left tentacle)
 Q - a +6 ring of intelligence (on tentacle)
 S - a ring of protection from fire (on tentacle)
 Y - a +6 ring of intelligence (right tentacle)
 Z - a +6 ring of intelligence (on tentacle)
Wands
 d - a wand of digging (12)
 e - a wand of charming (15)
 j - a wand of light (13)
 k - a wand of iceblast (24)
 P - a wand of polymorph (13)
Scrolls
 i - 10 scrolls of identify
 m - 6 scrolls of revelation
 y - 6 scrolls of immolation
 B - 5 scrolls of blinking
 C - a scroll of poison
 E - 3 scrolls of fear
 F - 4 scrolls of fog
 J - 2 scrolls of silence {!r}
 T - 13 scrolls of teleportation
 V - 6 scrolls of vulnerability
Potions
 o - 5 potions of ambrosia
 q - 10 potions of curing
 u - 4 potions of mutation {!q}
 z - a potion of brilliance
 H - 4 potions of haste {!q}
 I - 2 potions of invisibility
 K - 4 potions of magic {!q}
 N - 3 potions of cancellation {!q}
 R - 2 potions of resistance
 W - 8 potions of heal wounds {!q}
 X - 4 potions of enlightenment
Miscellaneous
 l - a lightning rod (inert)
 n - a phial of floods
 U - a phantom mirror


   Skills:
 + Level 10.9 Fighting
 - Level 5.0 Polearms
 + Level 4.7 Throwing
 - Level 5.0 Dodging
 + Level 7.7 Stealth
 - Level 7.0 Shields
 + Level 14.6 Spellcasting
 + Level 7.6 Conjurations
 - Level 3.0 Translocations
 + Level 4.8 Transmutations
 - Level 10.0 Fire Magic
 + Level 17.6 Ice Magic
 + Level 6.4 Earth Magic
 - Level 7.0 Poison Magic
 - Level 0.5 Invocations
 - Level 7.0 Evocations


You had 18 spell levels left.
You knew the following spells:

 Your Spells              Type           Power      Damage    Failure   Level
m - Fireball              Conj/Fire      47%        3d19      1%          5
r - Olgreb's Toxic Radia  Pois           86%        N/A       1%          4
s - Scorch                Fire           100%       2d9       0%          2
v - Poisonous Vapours     Pois/Air       100%       N/A       1%          2
w - Passwall              Tmut/Erth      65%        N/A       1%          2
B - Blink                 Tloc           100%       N/A       1%          2
C - Brom's Barrelling Bo  Conj/Erth      86%        2d10      1%          4
E - Ozocubu's Refrigerat  Ice            87%        4d26      1%          7

Your spell library contained the following spells:

 Spells                   Type           Power      Damage    Failure   Level
 Ozocubu's Armour         Ice            100%       N/A       0%          3
 Magic Dart               Conj           100%       1d8       1%          1
 Sting                    Tmut/Pois      100%       1d8       1%          1
 Summon Small Mammal      Summ           100%       N/A       1%          1
 Ensorcelled Hibernation  Hex/Ice        100%       N/A       1%          2
 Jinxbite                 Hex            78%        N/A       1%          2
 Lesser Beckoning         Tloc           100%       N/A       1%          2
 Momentum Strike          Conj/Tloc      100%       3d10      1%          2
 Searing Ray              Conj           100%       2d8       1%          2
 Call Canine Familiar     Summ           39%        N/A       1%          3
 Gell's Gravitas          Tloc           64%        N/A       1%          3
 Sigil of Binding         Hex            39%        N/A       1%          3
 Swiftness                Air            39%        N/A       1%          3
 Teleport Other           Tloc           64%        N/A       1%          3
 Fulminant Prism          Conj/Hex       34%        3d16      1%          4
 Leda's Liquefaction      Hex/Erth       32%        N/A       1%          4
 Passage of Golubria      Tloc           64%        N/A       1%          4
 Iskenderun's Battlesphe  Conj           89%        2d14      1%          5
 Dimensional Bullseye     Hex/Tloc       27%        N/A       3%          4
 Anguish                  Hex/Necr       19%        N/A       5%          4
 Summon Lightning Spire   Summ/Air       39%        N/A       5%          4
 Eringya's Noxious Bog    Tmut/Pois      40%        4d6       8%          6
 Summon Forest            Summ/Tloc      27%        N/A       9%          5
 Silence                  Hex/Air        19%        N/A       16%         5
 Conjure Ball Lightning   Conj/Air       34%        3x3d11    19%         6
 Orb of Destruction       Conj           44%        9d12      21%         7
 Dispersal                Tloc           32%        N/A       26%         6
 Lehudib's Crystal Spear  Conj/Erth      43%        10d10     90%         8
 Malign Gateway           Summ/Tloc      27%        N/A       95%         7
 Summon Hydra             Summ           19%        N/A       99%         7
 Summon Horrible Things   Summ           19%        N/A       100%        8


Dungeon Overview and Level Annotations

Branches:
Dungeon (15/15) Zot: 24992  Temple (0/1) D:7            Lair (5/5) D:10 Zot: 15127
 Shoals (4/4) Lair:3 Zot: 13019  Spider (1/4) Lair:3 Zot: 5834   Slime (0/5) Lair:4
    Orc (2/2) D:10 Zot: 7783     Elf (0/3) Orc:2        Vaults (0/5) D:13
 Depths (0/4) D:15        Ossuary (visited)          Bailey (visited)
Gauntlet (visited)

Altars:
Ashenzari
Cheibriados
Dithmenos
Elyvilon
Makhleb
Trog
Vehumet
Wu Jian
Yredelemnul
Zin
The Shining One
Jiyva
Lugonu

Shops:
D:3 =   D:5 :   D:9 [   D:11 [   D:14 [   Orc:2 [([!?   Shoals:3 :

Portals:
Abyss: Shoals:1


Innate Abilities, Weirdness & Mutations

You cannot wear most types of armour.
You are amphibious.
You can wear up to eight rings at the same time.
Your skin changes colour to match your surroundings (Stealth+).
Your rubbery body absorbs attacks. (AC +1, EV +1)
((You are camouflaged when in or above water. (Stealth+)))
You have tentacles for arms and can constrict up to eight enemies at once.


Message History

Press: ? - help, Shift-Dir - straight line, f - spark wasp
Aim: a spark wasp (chance to affect: 49%) Nothing appears to happen.
Something barely misses you. Something hits you.
You feel clumsy.
Deactivating autopickup; reactivate with Ctrl-A.
Something stings you!
You feel clumsy. Something hits you! x2
Something stings you but does no damage.
As you read the scroll of teleportation, it crumbles to dust.
You feel strangely unstable.
An entropy weaver comes into view.
You feel you are being watched by something.
Something hits you! You block something's attack. Something stings you!
You feel clumsy.
The entropy weaver moves out of view.
You feel you are being watched by something.
You feel your power leaking away. Something hits you. Something hits you!
You feel weakened. Something stings you!
You feel weakened.
You feel you are being watched by something.
Something hits you!
* * * LOW HITPOINT WARNING * * *
You feel clumsy. You block something's attack. Something stings you.
* * * LOW HITPOINT WARNING * * *
Blink to where?
Press: ? - help, Dir - move target, p - spark wasp
As you read the scroll of blinking, it crumbles to dust.
As you read the scroll of teleportation, it crumbles to dust.
You feel strangely stable.
You feel you are being watched by something.
You feel you are being watched by something.
You feel your power leaking away.
The spark wasp bursts into living lightning!
The living lightning hits you!!
* * * LOW HITPOINT WARNING * * *
The spark wasp blinks! x2
There is a crawl-hole back to the Lair here.
You feel you are being watched by something.
The spark wasp closely misses you.
You climb upwards.
Welcome back to the Lair of Beasts!
Reactivating autopickup.
There is a hole to the Spider Nest here.
You feel much better. The spark wasp stings you!!
* * * LOW HITPOINT WARNING * * *
The spark wasp shocks you!
You die...

##..............####......#
##...............#..#.#..##
###.....................##
#................^......#
####.#.###..#........^..#
#.### #..##^.........# ###
#..##^^..^###.##
#...#^^^^^^###.#
#....#^@^^###.##
#.....^^y##^.†#
##.#^^...##^...#
#..#^^.........##
####..##^^.^....^..#
##......#^##...^...##
##........##........# ##
#...)........#..#####
.###............#...#


You could see a spark wasp.

Vanquished Creatures
  2 krakens
  Gastronok (D:10)
  Ilsuiw (Shoals:2)
  An azure jelly (Lair:5)
  Louise (D:15)
  An orc warlord (Orc:2)
  An angel (Shoals:4)
  A quicksilver ooze (Gauntlet)
  A broodmother (Spider:1)
  An apis (Shoals:4)
  3 dire elephants (Lair:5)
  A minotaur (Gauntlet)
  12 merfolk impalers
  9 merfolk javelineers
  An ettin (Orc:1)
  Fannar (D:10)
  2 rakshasas (D:15)
  5 vault guards
  3 hydras
  An ogre mage (D:13)
  4 merfolk aquamancers
  4 boulder beetles
  2 merfolk avatars (Shoals:4)
  5 centaur warriors
  3 two-headed ogres
  4 catoblepae
  4 satyrs
  6 death yaks
  A spectral dire elephant (Lair:5)
  A holy swine (Shoals:4)
  Nergalle (Orc:1)
  4 orc high priests
  Amaemon (Lair:1)
  Sonja (D:10)
  A demonic crawler (Spider:1)
  A fire crab (Gauntlet)
  A spectral death yak (Lair:5)
  9 skysharks
  A skeletal warrior (D:13)
  A spectral anaconda (Lair:5)
  3 cherubim (Shoals:4)
  A glowing orange brain (D:15)
  6 sea snakes
  An obsidian statue (Lair:5)
  14 harpies
  2 wizards
  4 necromancers (Lair:5)
  6 orc knights
  A steelbarb worm (Spider:1)
  A wolf spider (Spider:1)
  A deep elf pyromancer (D:15)
  6 orc sorcerers
  15 cyclopes
  25 ugly things
  An oklob plant (Lair:5)
  6 fauns
  27 elephants
  18 manticores
  A water nymph (shapeshifter) (D:15)
  2 apocalypse crabs (Shoals:1)
  3 black mambas
  8 merfolk sirens
  12 cane toads
  A torpor snail (Lair:4)
  8 water nymphs
  4 gargoyles (D:12)
  2 rime drakes
  An orange demon (Lair:1)
  2 unseen horrors
  Psyche (D:12)
  A yaktaur (D:13)
  A minotaur zombie (Gauntlet)
  21 komodo dragons
  A harpy zombie (Shoals:1)
  3 wind drakes
  6 trolls
  22 merfolk
  A hornet (D:9)
  7 polar bears
  16 blink frogs
  Prince Ribbit (Bailey)
  8 dream sheep
  A spectral elephant (Lair:5)
  5 snapping turtles
  Sigmund (D:2)
  19 slime creatures
  10 water elementals
  A culicivora (Spider:1)
  3 shadows
  A wyvern (Lair:5)
  6 flying skulls (Gauntlet)
  A vampire (D:12)
  2 wraiths
  2 chaos spawn (Shoals:1)
  62 yaks
  2 steam dragons
  8 basilisks
  2 fire bats (Gauntlet)
  7 humans
  6 redbacks
  12 vampire mosquitoes
  Menkaure (D:5)
  A death yak simulacrum (Lair:5)
  A large abomination (Shoals:1)
  12 wargs
  17 water moccasins
  Duvessa (D:5)
  18 orc warriors
  A sky beast (D:6)
  2 black bears
  An ice beast (D:8)
  A sky beast (shapeshifter) (D:13)
  3 ogres
  10 wolves
  8 centaurs
  A small abomination (Shoals:1)
  An elf zombie (Ossuary)
  An elephant skeleton (Lair:5)
  4 kobold brigands
  A gnoll sergeant (D:9)
  2 scorpions
  25 bullfrogs
  5 necrophages (Lair:3)
  19 wights
  Dowan (D:5)
  An elephant simulacrum (Lair:5)
  3 howler monkeys
  2 centaur zombies (Ossuary)
  A crimson imp (D:5)
  4 jellies
  2 hounds
  16 orc priests
  A human zombie (Ossuary)
  5 iguanas (Lair:2)
  3 sleepcaps
  35 orc wizards
  2 mummies (Ossuary)
  10 gnolls
  6 adders
  A white imp (D:7)
  2 ufetubi
  3 adder zombies (Ossuary)
  A worm (D:3)
  4 dart slugs
  54 orcs
  10 ball pythons
  7 endoplasms
  3 giant cockroaches
  12 goblins
  7 hobgoblins
  7 jackals
  7 quokkas
  5 bats
  5 frilled lizards (D:1)
  A goblin zombie (Ossuary)
  7 hobgoblin zombies (Ossuary)
  2 jackal zombies (Ossuary)
  31 kobolds
  8 kobold zombies (Ossuary)
  10 orc zombies (Ossuary)
  6 rats
  2 rat zombies (Ossuary)
  A spectral orc (D:4)
  A boulder (D:12)
  6 tentacles
957 creatures vanquished.

Vanquished Creatures (collateral kills)
  2 boulders (Lair:5)
2 creatures vanquished.

Vanquished Creatures (others)
  A boulder (Lair:5)
  36 foxfires
  2 tentacles (Shoals:3)
39 creatures vanquished.

Grand Total: 998 creatures vanquished

Notes
Turn   | Place    | Note
-------+----------+-------------------------------------------
     0 | D:1      | Ge0ff the Octopode Cinder Acolyte began the quest for the
                  | Orb.
     0 | D:1      | Reached XP level 1. HP: 16/16 MP: 2/2
   245 | D:1      | Reached skill level 1 in Stealth
   245 | D:1      | Reached XP level 2. HP: 21/21 MP: 3/3
   268 | D:1      | Learned a level 2 spell: Scorch
   676 | D:1      | Reached XP level 3. HP: 26/26 MP: 2/5
   781 | D:1      | Found a faded altar of an unknown god.
  1074 | D:2      | Noticed Sigmund
  1679 | D:2      | Killed Sigmund
  1680 | D:2      | Reached XP level 4. HP: 31/31 MP: 1/8
  1680 | D:2      | Reached XP level 5. HP: 36/36 MP: 1/9
  1834 | D:2      | Reached XP level 6. HP: 41/42 MP: 5/10
  3085 | D:3      | Found Iggas's Jewellery Boutique.
  4102 | D:4      | Found a sand-covered staircase.
  4110 | Ossuary  | Entered an ossuary
  4721 | Ossuary  | Reached skill level 5 in Polearms
  4721 | Ossuary  | Reached skill level 5 in Fire Magic
  4721 | Ossuary  | Reached XP level 7. HP: 10/46 MP: 0/12
  5672 | D:4      | Found a basalt altar of Yredelemnul.
  6201 | D:4      | You fall into a shaft and drop 2 floors!
  6248 | D:6      | Reached XP level 8. HP: 52/52 MP: 7/14
  6464 | D:5      | Entered Level 5 of the Dungeon
  6827 | D:5      | Reached skill level 1 in Dodging
  7020 | D:5      | Noticed Dowan
  7049 | D:5      | Noticed Duvessa
  7059 | D:5      | Killed Duvessa
  7060 | D:5      | Reached skill level 5 in Spellcasting
  7228 | D:5      | Found Cuten's Book Shoppe.
  7248 | D:5      | Killed Dowan
  7249 | D:5      | Reached skill level 1 in Evocations
  7400 | D:5      | Found a radiant altar of Vehumet.
  7401 | D:5      | Found a burning altar of Makhleb.
  7600 | D:5      | Noticed Menkaure
  7608 | D:5      | HP: 1/54 [Menkaure (24)]
  7609 | D:5      | Killed Menkaure
  7610 | D:5      | Reached skill level 1 in Ice Magic
  8038 | D:5      | Bought Ozocubu's Autobiography for 264 gold pieces
  8046 | D:5      | Learned a level 7 spell: Ozocubu's Refrigeration
  8790 | D:6      | Learned a level 2 spell: Poisonous Vapours
  8795 | D:6      | Learned a level 4 spell: Olgreb's Toxic Radiance
  8803 | D:6      | Reached skill level 2 in Ice Magic
  8803 | D:6      | Reached skill level 1 in Poison Magic
  8803 | D:6      | Reached XP level 9. HP: 41/58 MP: 7/17
  9317 | D:7      | Reached skill level 3 in Ice Magic
 10225 | D:7      | Found a staircase to the Ecumenical Temple.
 10800 | D:8      | Reached skill level 4 in Ice Magic
 11585 | D:9      | Reached skill level 5 in Fighting
 11620 | D:9      | Found Kiazitwi's Antique Armour Shop.
 11643 | D:9      | Noticed a two-headed ogre
 11650 | D:9      | Killed a two-headed ogre
 11651 | D:9      | Reached skill level 5 in Ice Magic
 11651 | D:9      | Reached skill level 5 in Poison Magic
 11651 | D:9      | Reached XP level 10. HP: 66/66 MP: 5/19
 11889 | D:9      | Found a flagged portal.
 11978 | Bailey   | Entered a bailey
 11990 | Bailey   | Reached skill level 6 in Ice Magic
 12451 | Bailey   | Noticed Prince Ribbit
 12451 | Bailey   | Noticed a vault guard
 12455 | Bailey   | Killed Prince Ribbit
 12457 | Bailey   | Killed a vault guard
 12458 | Bailey   | Reached skill level 7 in Ice Magic
 12527 | Bailey   | Noticed a vault guard
 12636 | Bailey   | Killed a vault guard
 12637 | Bailey   | Reached skill level 8 in Ice Magic
 12637 | Bailey   | Reached XP level 11. HP: 65/71 MP: 7/22
 13718 | D:9      | Found a shadowy altar of Dithmenos.
 13907 | D:9      | Identified the +0 war axe of Untruth {heavy, rC+ rN+ Int+3}
 14025 | D:10     | Entered Level 10 of the Dungeon
 14065 | D:10     | Noticed Gastronok
 14149 | D:10     | Killed Gastronok
 14150 | D:10     | Reached skill level 9 in Ice Magic
 14431 | D:10     | Noticed Sonja
 14436 | D:10     | Killed Sonja
 14516 | D:10     | Noticed Fannar
 14543 | D:10     | Killed Fannar
 14544 | D:10     | Reached skill level 10 in Ice Magic
 14988 | D:10     | Identified a scroll of acquirement
 14991 | D:10     | Acquired a staff of cold
 15397 | D:10     | Found a staircase to the Lair.
 15413 | D:10     | Found a staircase to the Orcish Mines.
 15729 | D:10     | Found a staircase to the Orcish Mines.
 15741 | D:10     | Found a staircase to the Lair.
 16316 | D:11     | Found Qietsim's Armour Shoppe.
 16696 | D:11     | Noticed a white ugly thing
 16707 | D:11     | Killed a white ugly thing
 16708 | D:11     | Reached skill level 11 in Ice Magic
 17588 | D:11     | Found Qietsim's Armour Shoppe.
 18014 | Orc:1    | Entered Level 1 of the Orcish Mines
 18041 | Orc:1    | Noticed an orc sorcerer
 18044 | Orc:1    | Killed an orc sorcerer
 18044 | Orc:1    | Noticed an orc high priest
 18045 | Orc:1    | Reached XP level 12. HP: 77/77 MP: 11/25
 18179 | Orc:1    | Killed an orc high priest
 18422 | Orc:2    | Entered Level 2 of the Orcish Mines
 18994 | Orc:1    | Noticed an ettin
 18994 | Orc:1    | Noticed Nergalle
 19295 | Orc:1    | Reached skill level 12 in Ice Magic
 19383 | Orc:1    | Killed Nergalle
 19453 | Orc:1    | Killed an ettin
 20133 | Orc:2    | Noticed an orc high priest
 20135 | Orc:2    | Killed an orc high priest
 20136 | Orc:2    | Reached skill level 10 in Spellcasting
 20531 | Orc:2    | Noticed an orc high priest
 20534 | Orc:2    | Killed an orc high priest
 20535 | Orc:2    | Reached skill level 13 in Ice Magic
 20970 | Orc:2    | Found a staircase to the Elven Halls.
 21243 | Orc:2    | Noticed an orc warlord
 21344 | Orc:2    | HP: 2/78 [orc warlord/+0 dire flail (36)]
 21360 | Orc:2    | Killed an orc warlord
 21491 | Orc:2    | Reached XP level 13. HP: 83/83 MP: 12/27
 21787 | Orc:2    | Found Cacesk's Magic Scroll Emporium.
 21795 | Orc:2    | Bought a scroll of noise for 12 gold pieces
 21795 | Orc:2    | Bought a scroll of poison for 48 gold pieces
 21795 | Orc:2    | Bought a scroll of revelation for 90 gold pieces
 21795 | Orc:2    | Bought a scroll of identify for 24 gold pieces
 21795 | Orc:2    | Bought a scroll of fear for 48 gold pieces
 21795 | Orc:2    | Bought a scroll of revelation for 90 gold pieces
 21795 | Orc:2    | Bought a scroll of revelation for 90 gold pieces
 21989 | Orc:2    | Reached skill level 14 in Ice Magic
 22110 | Orc:2    | Found Gest's Distillery.
 22249 | Orc:2    | Found Ecricy's Antique Armour Shop.
 22254 | Orc:2    | Found Foemnism's Antique Weapon Shoppe.
 22261 | Orc:2    | Found Amam's Armour Shoppe.
 22271 | Orc:2    | Bought a potion of ambrosia for 88 gold pieces
 22271 | Orc:2    | Bought a potion of brilliance for 44 gold pieces
 22271 | Orc:2    | Bought a potion of cancellation for 88 gold pieces
 22271 | Orc:2    | Bought a potion of mutation for 88 gold pieces
 22271 | Orc:2    | Bought a potion of magic for 88 gold pieces
 22278 | Orc:2    | Bought a +0 buckler for 63 gold pieces
 22354 | Lair:1   | Entered Level 1 of the Lair of Beasts
 24176 | Lair:1   | Noticed Amaemon
 24180 | Lair:1   | Killed Amaemon
 24572 | Lair:2   | Reached skill level 15 in Ice Magic
 26112 | Lair:1   | Reached XP level 14. HP: 68/92 MP: 3/29
 26436 | Lair:2   | Reached skill level 16 in Ice Magic
 26816 | Lair:2   | Reached skill level 1 in Shields
 28794 | Lair:3   | Found a staircase to the Shoals.
 29063 | Lair:3   | Found a hole to the Spider Nest.
 31774 | Lair:4   | Found a viscous altar of Jiyva.
 31775 | Lair:4   | Found a staircase to the Slime Pits.
 32326 | Lair:5   | Entered Level 5 of the Lair of Beasts
 32334 | Lair:5   | Reached skill level 5 in Shields
 32713 | Lair:5   | Reached XP level 15. HP: 99/99 MP: 9/32
 33017 | Lair:5   | Reached skill level 17 in Ice Magic
 34252 | Lair:5   | Identified the +4 shortbow "Gohetono" {speed, Int+3}
 34409 | Lair:5   | Noticed an azure jelly
 34416 | Lair:5   | Killed an azure jelly
 34417 | Lair:5   | Reached skill level 5 in Evocations
 34779 | Lair:5   | Learned a level 2 spell: Blink
 34937 | Lair:5   | Identified the +3 orcbow of Dim Light {flame, rN+ Dex+2}
 35419 | Lair:5   | Learned a level 4 spell: Brom's Barrelling Boulder
 35422 | Lair:5   | Learned a level 2 spell: Passwall
 35428 | Lair:5   | Learned a level 5 spell: Fireball
 35719 | D:12     | Noticed Psyche
 35720 | D:12     | Killed Psyche
 36045 | D:12     | Reached skill level 1 in Conjurations
 36210 | D:12     | Found an ornate altar of the Wu Jian Council.
 36497 | D:12     | Reached skill level 1 in Translocations
 36497 | D:12     | Reached skill level 1 in Earth Magic
 38963 | D:13     | Found a gate to the Vaults.
 39818 | D:13     | Reached XP level 16. HP: 108/108 MP: 19/33
 40416 | D:14     | Found a snail-covered altar of Cheibriados.
 40417 | D:14     | Found a gate leading to a gauntlet.
 40675 | Gauntlet | Entered a Gauntlet
 40675 | Gauntlet | Found a transporter.
 40675 | Gauntlet | Found a transporter.
 40737 | Gauntlet | Found a transporter.
 40740 | Gauntlet | Found a transporter.
 40748 | Gauntlet | Found a transporter.
 40752 | Gauntlet | Found a transporter.
 40760 | Gauntlet | Found a transporter.
 40778 | Gauntlet | Found a runed translucent door.
 40779 | Gauntlet | Found a transporter.
 40780 | Gauntlet | Found a runed translucent door.
 40796 | Gauntlet | Found a transporter.
 40800 | Gauntlet | Found a transporter.
 40808 | Gauntlet | Found a transporter.
 40812 | Gauntlet | Found a transporter.
 41936 | D:14     | Found a broken altar of Ashenzari.
 41996 | D:14     | Found Jiniruter's Antique Armour Emporium.
 42902 | D:15     | Entered Level 15 of the Dungeon
 42948 | D:15     | Reached skill level 5 in Conjurations
 43762 | D:15     | Noticed Louise
 43764 | D:15     | Killed Louise
 43921 | D:15     | Found a bloodstained altar of Trog.
 44681 | D:15     | Found a staircase to the Depths.
 44992 | Shoals:1 | Entered Level 1 of the Shoals
 45503 | Shoals:1 | Found a runed translucent door.
 45916 | Shoals:1 | Noticed a kraken
 45919 | Shoals:1 | Killed a kraken
 45920 | Shoals:1 | Reached skill level 1 in Transmutations
 46144 | Shoals:1 | Reached skill level 1 in Throwing
 46955 | Shoals:1 | Found a corrupted altar of Lugonu.
 46957 | Shoals:1 | Found a one-way gate to the infinite horrors of the Abyss.
 48110 | Shoals:2 | Reached XP level 17. HP: 114/114 MP: 27/35
 49117 | Shoals:2 | Noticed Ilsuiw
 49123 | Shoals:2 | Killed Ilsuiw
 49348 | Shoals:2 | Reached skill level 10 in Fighting
 50548 | Shoals:3 | Found Bixic's Book Emporium.
 50593 | Shoals:3 | Reached skill level 5 in Dodging
 50597 | Shoals:3 | Reached skill level 5 in Stealth
 51089 | Shoals:3 | Reached skill level 5 in Earth Magic
 51802 | Shoals:3 | Noticed a kraken
 51805 | Shoals:3 | Killed a kraken
 52212 | Shoals:4 | Entered Level 4 of the Shoals
 53249 | Shoals:4 | Reached skill level 10 in Fire Magic
 54001 | Shoals:4 | Reached XP level 18. HP: 63/122 MP: 14/36
 55531 | Shoals:4 | Found a glowing silver altar of Zin.
 55544 | Shoals:4 | Got an odd book
 55699 | Shoals:4 | Found a white marble altar of Elyvilon.
 55721 | Shoals:4 | Got a barnacled rune of Zot
 55899 | Shoals:4 | Found a glowing golden altar of the Shining One.
 55911 | Shoals:4 | Identified the amulet of Nuric {Spirit rElec Str+5 Stlth-}
 56736 | Lair:5   | Identified the staff "Xataipsi" {rF+ rN+ Conj}
 57496 | Spider:1 | Entered Level 1 of the Spider Nest
 57660 | Spider:1 | HP: 3/122 [spark wasp/living lightning (18)]
 57663 | Lair:3   | Mangled by a spark wasp

Illustrated notes

Levels and vault maps discovered:
D:1:      amcnicky_arrival_single_pillar, layout_basic,
          hellmonk_ecumenical_altar_arch_garden, chequers_serial_rivers_small_a,
          wander_ebering_terrifying_dragon_lair
D:2:      layout_rooms, uniq_sigmund
D:3:      layout_basic, serial_shops, nicolae_shop_window_shopping,
          minmay_fractal_squares_gapless_5
D:4:      layout_loops_corners, yredelemnul_forgotten_temple_becter,
          nicolae_ossuary_entry_plus, serial_bayou_lagoon_a
D:5:      layout_loops_cross, grunt_temple_overflow_lords_of_destruction,
          serial_shops, shop, kennysheep_nub, minmay_crystal_water,
          uniq_duvessa, uniq_menkaure
D:6:      layout_loops_corners
D:7:      layout_gridville, minmay_temple_entry_waves
D:8:      layout_loops_cross, serial_bayou_pond_d,
          chequers_serial_rivers_large_b, dreamdust_princess_bridge
D:9:      layout_grid_maze, lemuel_round_altar, enter_bailey_7, serial_shops,
          shop, hangedman_decor_slide_cut
D:10:     layout_roguey, lair_entry_dummy, minmay_orc_entry_guard_dogs,
          uniq_fannar, uniq_sonja, uniq_gastronok
D:11:     layout_grid_maze, serial_shops, kennysheep_mini,
          kennysheep_decorative_pillar
D:12:     minmay_polygon_palace, layout_gridville, nzn_wu_jian_council_hall,
          uniq_psyche
D:13:     layout_loops_corners, grunt_vaults_entry_fortified,
          kennysheep_kite_vault
D:14:     layout_loops_cross, serial_shops, shop, gauntlet_entry_generic,
          nicolae_ashenzari_panopticon, cheibriados_altar_1
D:15:     gammafunk_enter_depths_forms, layout_cave_pools,
          trog_three_pillars_becter, uniq_louise
Lair:1:   layout_chaotic_city, beast_lair_carwin_10, uniq_amaemon
Lair:2:   beast_lair_carwin_large_4, layout_chaotic_city
Lair:3:   layout_cave_pods, nicolae_shoals_entry_roost, spider_nest_entry_webs,
          roderic_carrion_pond
Lair:4:   layout_roguey, slime_entry_1
Lair:5:   due_jungle_book, layout_layer_cave, minmay_lair_oklob_items,
          minmay_hedge_maze, nicolae_quartered_pool_medium,
          nicolae_lair_time_for_slime
Shoals:1: layout_shoals, nicolae_shoals_abyss_on_the_beach
Shoals:2: nicolae_shoals_island_circles, layout_shoals, uniq_ilsuiw
Shoals:3: layout_shoals, serial_shops, nicolae_shop_crystal,
          nicolae_shoals_mertower
Shoals:4: shoals_end_hellmonk_holy_island
Spider:1: nicolae_spider_corner, nicolae_spider_some_kinda_spiderbox
Orc:1:    layout_caves, uniq_nergalle
Orc:2:    st_orc_elflike, layout_caves, serial_shops, shop_fountains

Skill      XL: |  1  2  3  4  5  6  7  8  9 10 11 12 13 14 15 16 17 18 |
---------------+-------------------------------------------------------+-----
Stealth        | 1 2 3 6 7 |  7.7
Polearms       | 4 5 |  5.0
Spellcasting   | 2 3 4 5 6 7 9 10 11 13 14 | 14.6
Fire Magic     | 4 5 6 7 9 10 | 10.0
Dodging        | 2 3 4 5 |  5.0
Evocations     | 2 4 6 7 |  7.0
Ice Magic      | 2 5 8 11 13 15 16 17 | 17.6
Fighting       | 4 5 6 7 8 9 10 | 10.9
Poison Magic   | 1 5 7 |  7.0
Shields        | 5 6 7 |  7.0
Conjurations   | 3 6 7 |  7.6
Translocations | 2 3 |  3.0
Earth Magic    | 2 4 5 6 |  6.4
Transmutations | 1 4 |  4.8
Throwing       | 1 4 |  4.7
Invocations    | |  0.5

Action                     |  1- 3 |  4- 6 |  7- 9 | 10-12 | 13-15 | 16-18 || total
---------------------------+-------+-------+-------+-------+-------+-------++-------
  Melee: Spear             |    33 |    54 |    19 |    24 |       |       ||   130
         Constrict         |     4 |    12 |     5 |     5 |     1 |     1 ||    28
         Tentacles         |     3 |    18 |     8 |     4 |     3 |     1 ||    37
         Punch             |       |       |     1 |       |       |       ||     1
         War axe           |       |       |       |     6 |     3 |       ||     9
         Staff             |       |       |       |       |     4 |     4 ||     8
         Unarmed           |       |       |       |       |       |     2 ||     2
  Throw: Stone             |       |       |     1 |       |       |       ||     1
         Dart              |       |       |       |     1 |     1 |       ||     2
   Cast: Scorch            |    27 |    74 |   147 |    97 |       |     2 ||   347
         Poisonous Vapours |       |       |    11 |    71 |    19 |       ||   101
         Olgreb's Toxic Ra |       |       |     6 |    61 |    23 |       ||    90
         Ozocubu's Refrige |       |       |       |    38 |   324 |   346 ||   708
         Fireball          |       |       |       |       |     2 |    29 ||    31
         Brom's Barrelling |       |       |       |       |     2 |     3 ||     5
 Invoke: Foxfire Swarm     |       |     1 |       |     1 |       |       ||     2
         Fiery Armour      |       |       |     1 |     1 |       |       ||     2
  Evoke: Wand              |       |       |     3 |     7 |     2 |    14 ||    26
         Lightning rod     |       |       |       |       |    12 |     7 ||    19
    Use: Scroll            |       |     5 |     5 |    10 |    11 |     8 ||    39
         Potion            |       |       |       |     3 |       |     5 ||     8
   Stab: Sleeping          |     1 |       |     1 |       |       |       ||     2
 Armour: Skin              |    26 |    48 |    58 |    86 |    39 |    56 ||   313
  Dodge: Dodged            |    27 |    33 |    50 |    68 |    26 |    48 ||   252
  Block: Buckler           |       |       |       |       |       |     6 ||     6

Table legend: (Time is in decaauts)
 A = Elapsed time spent in this place.
 B = Non-inter-level travel time spent in this place.
 C = Inter-level travel time spent in this place.
 D = Time resting spent in this place.
 E = Time spent auto-exploring this place.
 F = Levels seen in this place.
 G = Mean time per level.
                   A        B        C        D        E       F      G
               +--------+--------+--------+--------+--------+-----+--------+
         Total |  57760 |  55324 |   2436 |   7662 |  41681 |  30 | 1925.3 |
       Dungeon |  24897 |  23384 |   1513 |   2309 |  18530 |  15 | 1659.8 |
          Lair |  14871 |  14229 |    642 |   1462 |  11291 |   5 | 2974.2 |
        Shoals |  10980 |  10783 |    197 |   2087 |   7956 |   4 | 2745.0 |
   Spider Nest |    165 |    165 |      0 |      0 |    134 |   1 |  165.0 |
  Orcish Mines |   4216 |   4134 |     82 |   1103 |   2467 |   2 | 2108.0 |
       Ossuary |    933 |    933 |      0 |    155 |    528 |   1 |  933.0 |
        Bailey |    905 |    905 |      0 |    372 |    344 |   1 |  905.0 |
      Gauntlet |    791 |    791 |      0 |    174 |    431 |   1 |  791.0 |
               +--------+--------+--------+--------+--------+-----+--------+

Top non-repeatable levels by time:
Shoals:3: 4163 daAuts
  Lair:5: 4110 daAuts
Shoals:1: 3115 daAuts
  Lair:2: 3112 daAuts
   Orc:2: 3008 daAuts
  Lair:1: 2825 daAuts
  Lair:3: 2569 daAuts
    D:13: 2533 daAuts
    D:11: 2278 daAuts
  Lair:4: 2254 daAuts
    D:10: 2213 daAuts
    D:12: 2064 daAuts
    D:14: 2012 daAuts
Shoals:2: 1887 daAuts
Shoals:4: 1813 daAuts
